 Dungeon Crawl Stone Soup version 0.31.0-9-g3a7656b989 (webtiles) character file.

Game seed: 6947845982292082982

1135 qw the Skirmisher (level 8, -5/45 HPs)
             Began as a Deep Elf Hunter on Feb 3, 2024.
             Was a Believer of Okawaru.
             Slain by a yak (10 damage)
             ... on level 5 of the Dungeon.
             The game lasted 00:00:15 (3674 turns).

qw the Skirmisher (Deep Elf Hunter)                 Turns: 3674, Time: 00:00:15

Health: -5/45      AC:  8    Str: 10    XL:     8   Next: 14%
Magic:  12/13      EV: 11    Int: 15    God:    Okawaru [**....]
Gold:   135        SH:  0    Dex: 18    Spells: 7/7 levels left

rFire   . . .        a - +0 shortbow (drain)
rCold   . . .        (shield currently unavailable)
rNeg    . . .        b - +0 ring mail
rPois   .            (no helmet)
rElec   .            h - +1 cloak
rCorr   .            g - +0 pair of gloves
SInv    .            (no boots)
Will    .....        (no amulet)
Stlth   +            (no ring)
HPRegen 0.27/turn    (no ring)
MPRegen 0.13/turn

%: no passive effects
@: about to teleport
A: no striking features
a: Renounce Religion, Heroism


You were on level 5 of the Dungeon.
You worshipped Okawaru.
Okawaru was pleased with you.
You visited 2 branches of the dungeon, and saw 6 of its levels.

You collected 198 gold pieces.
You spent 63 gold pieces at shops.


   Skills:
 - Level 2.9 Fighting
 + Level 11.2 Ranged Weapons
 - Level 1.1 Armour
 - Level 3.1 Dodging
 - Level 1.2 Stealth
 - Level 4.5 Invocations


You had 7 spell levels left.
You didn't know any spells.
Your spell library was empty.

Inventory:

Hand Weapons
 a - a +0 shortbow of draining (weapon)
Armour
 b - a +0 ring mail (worn)
 g - a +0 pair of gloves (worn)
 h - a +1 cloak (worn)
 i - a +0 pair of boots
Scrolls
 d - a scroll of identify
 e - 2 scrolls of teleportation
Potions
 c - 2 potions of heal wounds {unknown}
 f - 2 potions of curing
 j - 2 potions of resistance
 k - a potion of might

Dungeon Overview and Level Annotations

Branches:
Dungeon (5/15)             Temple (1/1) D:4

Altars:
Ashenzari
Cheibriados
Dithmenos
Elyvilon
Fedhas
Gozag
Kikubaaqudgha
Makhleb
Nemelex Xobeh
Okawaru
Qazlal
Ru
Sif Muna
Trog
Uskayaw
Vehumet
Xom
Yredelemnul
The Shining One

Shops:
D:2 [   D:3 [


Message History

You shoot an arrow. The arrow hits the yak!
The yak is moderately wounded.
You shoot an arrow. The arrow hits the yak.
You drain the yak.
The yak is heavily wounded.
You shoot an arrow. The arrow hits the yak.
The yak is severely wounded.
The yak gores you!
You shoot an arrow. The arrow hits the yak.
The yak is severely wounded.
The yak barely misses you.
You shoot an arrow. The arrow hits the yak.
The yak is almost dead.
You feel like a meek peon again. The yak completely misses you.
You shoot an arrow.
The arrow hits the yak but does no damage.
You drain the yak.
The yak is almost dead.
The yak closely misses you.
You shoot an arrow.
The arrow hits the yak but does no damage.
You drain the yak.
The yak is almost dead.
The yak gores you.
You shoot an arrow. The arrow hits the yak.
You kill the yak!
Okawaru is honoured by your kill.
Your Ranged Weapons skill increases to level 11!
You shoot an arrow. The arrow closely misses the yak.
The arrow hits the yak!
You drain the yak.
The yak is moderately wounded.
The yak gores you!
3673 ||| READING 3 scrolls of teleportation.
As you read the scroll of teleportation, it crumbles to dust.
You feel strangely unstable. The yak gores you.
You shoot an arrow. The arrow completely misses the yak.
The arrow hits the yak!
The yak is heavily wounded.
The yak gores you!
You die...

##.......## ##.#.
##.....## #...
##...## #.## ##+#
#.## #.# #...
.######## #.# ####
.YYYYY.Y###.#### #
#Y##...).## #
#@#...###.########
#.##..# #.........
#.##..###..#######
#.##.......#
#.........##
######...## #####


You could see 2 yaks.

Vanquished Creatures
  3 yaks (D:5)
  Menkaure (D:5)
  A black bear (D:4)
  An ogre (D:5)
  3 necrophages (D:5)
  A bombardier beetle (D:3)
  A hound (D:5)
  An orc priest (D:4)
  A gnoll (D:1)
  6 adders
  2 dart slugs
  2 ribbon worms
  6 orcs
  3 bats
  7 endoplasms
  A giant cockroach (D:2)
  9 goblins
  3 hobgoblins
  8 jackals (D:1)
  2 quokkas
  3 ball pythons
  5 frilled lizards
  4 kobolds
  5 rats
79 creatures vanquished.

Notes
Turn   | Place    | Note
-------+----------+-------------------------------------------
     0 | D:1      | qw the Deep Elf Hunter began the quest for the Orb.
     0 | D:1      | Reached XP level 1. HP: 12/12 MP: 3/3
     0 | D:1      | 0 ||| qw: Version: 0.3-a-155-g5e7d8dd
     0 | D:1      | 0 ||| qw: Game counter: 2965
     0 | D:1      | 0 ||| qw: Melee chars always use a shield: true
     0 | D:1      | 0 ||| qw: God list: Okawaru
     0 | D:1      | 0 ||| qw: Allow faded altars: false
     0 | D:1      | 0 ||| qw: Do Orc after clearing Dungeon:15 true
     0 | D:1      | 0 ||| qw: Do second Lair branch before Depths: true
     0 | D:1      | 0 ||| qw: Lair rune preference: random
     0 | D:1      | 0 ||| qw: Goals: Normal
     0 | D:1      | 0 ||| PLANNING D:1-11
    56 | D:1      | Reached XP level 2. HP: 14/16 MP: 4/4
    88 | D:1      | Reached skill level 6 in Ranged Weapons
   562 | D:1      | Reached XP level 3. HP: 20/20 MP: 5/5
  1032 | D:1      | 1032 ||| READING scroll labelled YKLEXK SE ORCH.
  1033 | D:1      | 1033 ||| READING scroll labelled XOHULUDOEPO.
  1034 | D:1      | 1034 ||| READING 2 scrolls labelled CESAMINNAU.
  1034 | D:1      | 1034 ||| IDENTIFYING white potion
  1035 | D:1      | 1035 ||| READING scroll of identify.
  1035 | D:1      | 1035 ||| IDENTIFYING blue potion
  1036 | D:1      | 1036 ||| READING scroll labelled EFEDWI MIRI.
  1037 | D:1      | 1037 ||| READING scroll labelled KEHYIT LANUGAA.
  1038 | D:1      | 1038 ||| DROPPING scroll of butterflies.
  1111 | D:2      | Reached skill level 7 in Ranged Weapons
  1348 | D:2      | HP: 5/20 [adder (3)]
  1536 | D:2      | Reached XP level 4. HP: 17/25 MP: 6/6
  1715 | D:2      | Found Dyplar's Armour Shop.
  1723 | D:2      | 1723 ||| SHOPLISTING +0 cloak of Deniduz {Rampage Will+}
                  | (239 gold, have 80).
  1723 | D:2      | 1723 ||| BUYING +0 pair of gloves (63 gold).
  1723 | D:2      | Bought a +0 pair of gloves for 63 gold pieces
  2013 | D:2      | 2013 ||| UPGRADING to +0 ring mail.
  2023 | D:2      | 2023 ||| DROPPING +0 leather armour.
  2024 | D:2      | 2024 ||| UPGRADING to +0 pair of gloves.
  2029 | D:2      | 2029 ||| READING 2 scrolls of identify.
  2029 | D:2      | 2029 ||| IDENTIFYING amethyst potion
  2030 | D:2      | 2030 ||| READING scroll of identify.
  2030 | D:2      | 2030 ||| IDENTIFYING 2 grey potions
  2031 | D:2      | 2031 ||| READING scroll labelled QIWARESHEUS.
  2031 | D:2      | 2031 ||| BRANDING +0 shortbow.
  2032 | D:2      | 2032 ||| READING 2 scrolls labelled VUIJITAXZU.
  2035 | D:2      | 2035 ||| READING scroll labelled FESILO BAONIU.
  2036 | D:2      | 2036 ||| DROPPING 2 potions of attraction.
  2038 | D:2      | 2038 ||| Stepping ~*~*~tactically~*~*~ (cloud).
  2039 | D:2      | 2039 ||| DRINKING potion of curing.
  2039 | D:2      | 2039 ||| (to cure poison)
  2049 | D:2      | 2049 ||| Stepping ~*~*~tactically~*~*~ (cloud).
  2058 | D:2      | HP: 6/25 [poisoned by you (poison gas)]
  2163 | D:3      | Reached skill level 8 in Ranged Weapons
  2281 | D:3      | Found Ownioc's Armour Shoppe.
  2296 | D:3      | 2296 ||| SHOPLISTING +0 cloak (54 gold, have 53).
  2296 | D:3      | 2296 ||| SHOPLISTING +1 steam dragon scales (564 gold, have
                  | 53).
  2296 | D:3      | 2296 ||| SHOPLISTING +3 ring mail of poison resistance (276
                  | gold, have 53).
  2535 | D:3      | 2535 ||| READING 2 scrolls of identify.
  2535 | D:3      | 2535 ||| IDENTIFYING purple potion
  2536 | D:3      | 2536 ||| READING scroll of identify.
  2536 | D:3      | 2536 ||| IDENTIFYING lumpy orange potion
  2537 | D:3      | 2537 ||| READING scroll labelled WYTEGI XUKH.
  2579 | D:3      | 2579 ||| DROPPING potion of brilliance.
  2658 | D:4      | Reached XP level 5. HP: 29/29 MP: 7/7
  2659 | D:4      | Found a staircase to the Ecumenical Temple.
  2660 | D:4      | 2660 ||| PLANNING TEMPLE
  2667 | Temple   | Entered the Ecumenical Temple
  2668 | Temple   | 2668 ||| PLANNING OKAWARU WORSHIP
  2698 | Temple   | Became a worshipper of Warmaster Okawaru
  2699 | Temple   | 2699 ||| PLANNING D:1-11
  3081 | D:4      | Noticed a black bear
  3082 | D:4      | 3082 ||| DRINKING potion of haste.
  3090 | D:4      | Killed a black bear
  3091 | D:4      | Reached skill level 9 in Ranged Weapons
  3091 | D:4      | Reached XP level 6. HP: 33/34 MP: 8/8
  3178 | D:4      | 3178 ||| UPGRADING to +1 cloak.
  3183 | D:4      | 3183 ||| READING scroll labelled LIZXIET RUCI.
  3184 | D:4      | 3184 ||| READING scroll labelled ZEJACA VE DABE.
  3205 | D:5      | Entered Level 5 of the Dungeon
  3205 | D:5      | Noticed Menkaure
  3210 | D:5      | Killed Menkaure
  3210 | D:5      | Reached * piety under Okawaru
  3307 | D:5      | Found a blossoming altar of Fedhas.
  3347 | D:5      | Reached skill level 1 in Armour
  3347 | D:5      | Reached skill level 1 in Invocations
  3415 | D:5      | Reached XP level 7. HP: 16/39 MP: 10/10
  3464 | D:5      | Reached skill level 10 in Ranged Weapons
  3512 | D:5      | Reached skill level 3 in Invocations
  3607 | D:5      | Reached skill level 3 in Dodging
  3643 | D:5      | Noticed a yak
  3643 | D:5      | Noticed a yak
  3643 | D:5      | Noticed a yak
  3643 | D:5      | Noticed a yak
  3643 | D:5      | Noticed a yak
  3644 | D:5      | 3644 ||| RETREEEEATING.
  3645 | D:5      | 3645 ||| INVOKING Heroism.
  3652 | D:5      | Killed a yak
  3652 | D:5      | Reached ** piety under Okawaru
  3659 | D:5      | Killed a yak
  3660 | D:5      | Reached XP level 8. HP: 33/45 MP: 10/13
  3672 | D:5      | Reached skill level 11 in Ranged Weapons
  3672 | D:5      | HP: 9/45 [yak (11)]
  3673 | D:5      | 3673 ||| READING 3 scrolls of teleportation.
  3674 | D:5      | Slain by a yak

Levels and vault maps discovered:
D:1:      giann_horns, layout_basic, serial_forest,
          infiniplex_forest_lined_room_2, infiniplex_forest_lined_4_way,
          infiniplex_forest_clump_small, infiniplex_forest_3_way,
          infiniplex_forest_end_3, corexii_item_surrounded_by_moat,
          minmay_statues_item
D:2:      layout_loops_corners, serial_shops, shop
D:3:      layout_rooms, serial_shops, nicolae_diamond_shop
D:4:      layout_cave_pools, minmay_temple_entry_junction
D:5:      layout_loops_corners, fedhas_altar_decomposition, uniq_menkaure
Temple:   dpeg_five_rooms_temple

Skill      XL: |  1  2  3  4  5  6  7  8 |
---------------+-------------------------+-----
Ranged Weapons | 6 7 8 9 10 11 | 11.2
Fighting       | 2 |  2.9
Armour         | 1 |  1.1
Invocations    | 2 4 |  4.5
Dodging        | 3 |  3.1
Stealth        | |  1.2

Action                     |  1- 3 |  4- 6 |  7- 9 || total
---------------------------+-------+-------+-------++-------
   Fire: Shortbow          |   112 |   109 |    72 ||   293
 Invoke: Heroism           |       |       |     1 ||     1
    Use: Scroll            |     6 |    10 |     1 ||    17
         Potion            |       |     2 |       ||     2
 Armour: Leather armour    |    23 |     1 |       ||    24
         Ring mail         |       |    23 |    19 ||    42
  Dodge: Dodged            |    24 |    22 |    21 ||    67

Table legend:
 A = Non-vault XP
 B = Vault XP
 C = Vault XP percentage of total XP
 D = Non-vault monster count
 E = Vault monster count
 F = Vault count percentage of total count
                 A         B        C        D         E       F
            +---------+---------+-------+---------+---------+-------
      Total |    1181 |     441 |  27.2 |      75 |       4 |   5.1
            +---------+---------+-------+---------+---------+-------
        D:1 |      55 |       0 |   0.0 |      24 |       0 |   0.0
        D:2 |      62 |       0 |   0.0 |      22 |       0 |   0.0
        D:3 |      71 |       0 |   0.0 |      11 |       0 |   0.0
        D:4 |     204 |       0 |   0.0 |      10 |       0 |   0.0
        D:5 |     789 |     441 |  35.9 |       8 |       4 |  33.3
            +---------+---------+-------+---------+---------+-------
